 Dungeon Crawl Stone Soup version 0.18-a0-1718-g40ea4b6 (webtiles) character file.

116 Geeful the Insei (level 5, -4/34 HPs)
             Began as an Octopode Transmuter on Apr 7, 2016.
             Slain by FlyingLobster's ghost (10 damage)
             ... on level 3 of the Dungeon.
             The game lasted 00:06:14 (2822 turns).

Geeful the Insei (Octopode Transmuter)              Turns: 2822, Time: 00:06:14

Health: -4/34      AC:  1    Str:  9    XL:     5   Next: 0%
Magic:  1/9        EV: 13    Int: 15    God:
Gold:   124        SH:  0    Dex: 14    Spells: 3 memorised, 3 levels left

rFire  . . .     SeeInvis +       - Unarmed
rCold  . . .     Gourm    .     (no shield)
rNeg   . . .     Faith    .     (helmet restricted)
rPois  .         Spirit   .     (no amulet)
rElec  .         Dismiss  .     d - ring of see invisible
rCorr  .         Reflect  .     (no ring)
SustAt .         Harm     .     (no ring)
MR     .....                    (no ring)
Stlth  ++........               (no ring)
                                (no ring)
                                (no ring)
                                (no ring)

@: not resistant to hostile enchantments, unstealthy
A: almost no armour, amphibious, 8 rings, constrict 8, camouflage 1, gelatinous
body 1
a: no special abilities


You were on level 3 of the Dungeon.
You were very hungry.

You visited 1 branch of the dungeon, and saw 3 of its levels.

You collected 124 gold pieces.

Inventory:

Hand Weapons
 f - a +1 dagger of draining
Missiles
 a - 34 arrows
Jewellery
 d - a ring of see invisible (left tentacle)
Scrolls
 h - a scroll of noise {unknown}
 i - 4 scrolls of identify
 k - a scroll of enchant armour {unknown}
 n - 2 scrolls of blinking {unknown}
 o - 2 scrolls of remove curse {unknown}
 q - a scroll of fog {unknown}
 r - a scroll of immolation {unknown}
 t - a scroll of amnesia {unknown}
Potions
 g - 2 potions of curing
 j - a potion of heal wounds
Books
 b - a book of Changes

   Spells                             Type                      Level
   a - Beastly Appendage              Transmutation                1
   b - Sticks to Snakes               Transmutation                2
   c - Spider Form                    Transmutation/Poison         3
   d - Ice Form                       Ice/Transmutation            4
   e - Blade Hands                    Transmutation                5
Comestibles
 c - 2 bread rations
 l - 2 beef jerkies
 m - 4 fruits
 s - 2 royal jellies


   Skills:
 + Level 2.2 Fighting
 + Level 2.6 Dodging
 + Level 3.8 Unarmed Combat
 + Level 2.6 Spellcasting
 + Level 2.6 Transmutations


You had 3 spell levels left.
You knew the following spells:

 Your Spells              Type           Power        Failure   Level  Hunger
a - Beastly Appendage     Trmt           #.....       10%         1    #......
b - Sticks to Snakes      Trmt           #.......     12%         2    ##.....
c - Spider Form           Trmt/Pois      #.........   43%         3    ###....


Dungeon Overview and Level Annotations

Branches:
Dungeon (3/15)

Altars:

Annotations:
D:3 FlyingLobster's ghost, amateur DsBe


Innate Abilities, Weirdness & Mutations

You cannot wear most types of armour.
You are amphibious.
You can wear up to eight rings at the same time.
You can use your tentacles to constrict eight enemies at once.
Your skin changes colour to match your surroundings (Stealth).
Your rubbery body absorbs attacks (AC +1).


Message History

Your adder bites FlyingLobster's ghost.
Your ball python bites FlyingLobster's ghost but does no damage.
Your adder barely misses FlyingLobster's ghost.
FlyingLobster's ghost hits you.
* * * LOW HITPOINT WARNING * * *
You miss FlyingLobster's ghost.
FlyingLobster's ghost is severely damaged.
Your adder withers and dies!
Your ball python bites FlyingLobster's ghost.
Casting: Sticks to Snakes
Confirm with . or Enter, or press ? or * to list all spells.
You create a snake!
You now have 35 arrows.
FlyingLobster's ghost hits your ball python!
Your ball python dies!
Casting: Sticks to Snakes
Confirm with . or Enter, or press ? or * to list all spells.
You create a snake!
You now have 34 arrows.
FlyingLobster's ghost turns its malevolent gaze towards you.
FlyingLobster's ghost hits you!
You die...

.# #.#.# #.#.#
#.#.##+## ........#
#### ........+ ...#
........## ######.##
.........# #..W@.S.#
....#...## #.#S.).##
..#...#..####.####.#
#...#W..#..#.......#
..#...#...#..#######
#...#...#....#
..#...#...#.##
#(..#...#...#
..#...#...#.#


You could see FlyingLobster's ghost and 2 friendly ball pythons.

Vanquished Creatures
  3 adders
  An ooze (D:1)
  A worm (D:2)
  2 dart slugs (D:2)
  6 giant geckos
  An orc (D:3)
  A giant cockroach (D:3)
  4 goblins
  11 hobgoblins
  10 jackals
  9 kobolds
  6 bats
  5 giant newts
  6 rats
66 creatures vanquished.

Notes
Turn   | Place    | Note
--------------------------------------------------------------
     0 | D:1      | Geeful the Octopode Transmuter began the quest for the Orb.
     0 | D:1      | Reached XP level 1. HP: 13/13 MP: 3/3
   284 | D:1      | Reached XP level 2. HP: 18/18 MP: 5/5
   887 | D:1      | Reached XP level 3. HP: 23/23 MP: 6/6
  1452 | D:2      | Reached XP level 4. HP: 16/29 MP: 7/7
  2133 | D:3      | Learned a level 2 spell: Sticks to Snakes
  2137 | D:3      | Learned a level 3 spell: Spider Form
  2769 | D:3      | Noticed FlyingLobster's ghost (amateur DsBe)
  2790 | D:3      | Reached XP level 5. HP: 34/34 MP: 9/9
  2804 | D:3      | Gained mutation: You are resistant to hostile enchantments. [potion of beneficial mutation]
  2805 | D:3      | Lost mutation: You are resistant to hostile enchantments. [potion of cure mutation]
  2822 | D:3      | Slain by FlyingLobster's ghost

Vault maps used:
D:1:      grunt_arrival_lava_bath
D:2:      first_bread
D:3:      grunt_ministairs_7, hex_medium, minmay_door_square, uniq_sigmund

Skill      XL: |  1  2  3  4 |
---------------+-------------+-----
Fighting       | 2 |  2.2
Dodging        | |  2.6
Unarmed Combat | |  3.8
Spellcasting   | |  2.6
Transmutations | |  2.6

Action                   |  1- 3 |  4- 6 || total
-------------------------+-------+-------++-------
Melee: Unarmed           |     8 |    17 ||    25
       Dagger            |    73 |    58 ||   131
 Cast: Sticks to Snakes  |       |     4 ||     4
       Beastly Appendage |       |     1 ||     1
  Use: Scroll            |       |     1 ||     1
       Potion            |       |     4 ||     4
 Stab: Sleeping          |     3 |     3 ||     6
  Eat: Chunk             |     2 |     3 ||     5
